[Event "Team 45 45 League 2006 Invitational"]
[Site "Internet Chess Club"]
[Date "2006.11.20"]
[Round "3"]
[White "Changuito-77"]
[Black "QuaqQuao"]
[Result "0-1"]
[WhiteElo "1711"]
[BlackElo "1713"]
[TimeControl "2700+45"]

1. d4 Nf6 2. e3 d5 3. Nf3 Nc6 4. b3 e6 5. a3 Be7 6. Bd3 O-O 7. Nbd2 a5 8. Bb2 b6 9. Qe2 Re8 10. O-O Bb7 11. Rad1 Nb8 12. Ne5 Bd6 13. f4 Ba6 14. c4 Rf8 15. Qf3 Ra7 16. Qh3 Qe8 17. Rf3 Ne4 18. Bxe4 dxe4 19. Nxe4 f5 20. Nd2 Bxe5 21. dxe5 c5 22. Rg3 Rd7 23. Bc3 Qd8 24. Qh6 g6 25. h4 Qe7 26. h5 Qg7 27. Qg5 Rfd8 28. hxg6 hxg6 29. Qxg6 Qxg6 30. Rxg6+ Kf7 31. Rf6+ Ke7 32. Kf2 Rd3 33. Rh1 Bc8 34. Rh7+ Ke8 35. Rh8+ Ke7 36. Rh7+ Ke8 37. Rh8+ Kd7 38. Rf7+ Kc6 39. Rxd8 Rxd8 40. Ke2 Rg8 41. Kf2 Nd7 42. Nf3 Nf8 43. b4 Bd7 44. bxa5 Bc8 45. axb6 Kxb6 46. Ng5 Ba6 47. Re7 Bxc4 48. Kf3 Bd5+ 49. Kf2 Ng6 50. Rh7 Ra8 51. Rg7 Rxa3 52. Rxg6 Rxc3 53. Nxe6 Rc2+ 54. Kf1 Bc4+ 55. Kg1 Bxe6 56. Rxe6+ Kc7 57. Rf6 Re2 58. Rxf5 Rxe3 59. Kf2 Re4 60. Kf3 Re1 61. g4 c4 62. Rh5 c3 63. Rh2 Rf1+ 64. Ke3 Kd7 65. Rc2 Rg1 66. g5 Ke6 67. Rxc3 Kf5 68. Rc4 Rg3+ 69. Kf2 Rh3 70. Ke2 Rh2+ 71. Kd3 Rg2 72. Re4 Rg1 73. Re2 Ra1 74. e6 Ra8 75. Re4 Ra3+ 76. Kd4 Ra4+ 77. Kd5 Rxe4 78. g6 Rxe6 {White resigns} 0-1

[Event "Team 45 45 League 2006 Invitational"]
[Site "Internet Chess Club"]
[Date "2006.11.20"]
[Round "3"]
[White "tammany"]
[Black "SargentBono"]
[Result "1/2-1/2"]
[WhiteElo "1679"]
[BlackElo "1627"]
[TimeControl "2700+45"]

1. e4 e5 2. Nf3 Nc6 3. d4 exd4 4. Nxd4 Bc5 5. Nxc6 Qf6 6. Qd2 dxc6 7. Nc3 Ne7 8. Bd3 Be6 9. Na4 Bd6 10. f4 O-O-O 11. e5 Bxe5 12. fxe5 Qxe5+ 13. Qe3 Qa5+ 14. Nc3 Nf5 15. Bxf5 Bxf5 16. O-O Rhe8 17. Qf2 Bg6 18. Bf4 Qb6 19. Qxb6 cxb6 20. Rf2 Rd4 21. Raf1 f6 22. Rd1 Rxd1+ 23. Nxd1 Re1+ 24. Rf1 Rxf1+ 25. Kxf1 Bxc2 26. Ke2 b5 27. Ne3 Bb1 28. a3 Kd7 29. b4 Ke6 30. g4 Be4 31. h4 Bb1 32. Nd1 f5 33. g5 b6 34. Bb8 a5 35. Bc7 axb4 36. axb4 c5 37. Bxb6 cxb4 38. Kd2 Kd5 39. Kc1 Bd3 40. Kb2 Kc6 41. Bd4 g6 42. Kb3 Be2 43. Nf2 f4 44. Kxb4 f3 45. Ng4 Kd5 46. Bf2 Ke6 47. Nf6 h6 48. gxh6 Kxf6 49. Bd4+ Kf7 50. h7 f2 51. h8=Q f1=Q 52. Qg7+ Ke6 53. Qxg6+ Kd5 54. Qf6 {Game drawn by mutual agreement} 1/2-1/2

[Event "Team 45 45 League 2006 Invitational"]
[Site "Internet Chess Club"]
[Date "2006.11.20"]
[Round "3"]
[White "fabill"]
[Black "Prop"]
[Result "1-0"]
[WhiteElo "1208"]
[BlackElo "1161"]
[TimeControl "2700+45"]

1. e4 e5 2. Qh5 Nf6 3. Qxe5+ Qe7 4. Qxe7+ Bxe7 5. d3 O-O 6. Be2 Nc6 7. Be3 Nb4 8. Bd1 d5 9. a3 Nc6 10. exd5 Nxd5 11. Bd2 Re8 12. Ne2 Bf6 13. c3 Nf4 14. Bxf4 Re7 15. O-O Bf5 16. Bc2 Rxe2 17. Nd2 Re7 18. Rae1 Rae8 19. Nf3 Bg4 20. Bd1 Bxf3 21. Rxe7 Rxe7 22. Bxf3 Ne5 23. Bxe5 Rxe5 24. Bxb7 Rb5 25. Be4 Rxb2 26. d4 Rb3 27. Ra1 Rxc3 28. d5 Rc4 29. Rb1 Rxe4 30. Rb8+ Re8 31. Rxe8# {Black checkmated} 1-0

[Event "Team 45 45 League 2006 Invitational"]
[Site "Internet Chess Club"]
[Date "2006.11.20"]
[Round "3"]
[White "DaveTheRook"]
[Black "MPknight"]
[Result "1-0"]
[WhiteElo "1652"]
[BlackElo "1638"]
[TimeControl "2700+45"]

1. Nf3 d5 2. d3 Nf6 3. g3 e6 4. Bg2 Be7 5. O-O O-O 6. c3 c5 7. Qc2 Nc6 8. Nbd2 Qc7 9. Re1 Rb8 10. e4 dxe4 11. dxe4 e5 12. Nf1 Be6 13. Ng5 Bd7 14. Ne3 h6 15. Nf3 Be6 16. Nh4 Rbd8 17. Nhf5 Kh7 18. Nd5 Nxd5 19. exd5 Bxf5 20. Qxf5+ g6 21. Qh3 g5 22. Qf5+ Kg7 23. dxc6 f6 24. Be4 Rh8 25. cxb7 Qd7 26. Qg6+ Kf8 27. Be3 Qe8 28. Qxe8+ Kxe8 29. Bc6+ Kf7 30. Rad1 Ke6 31. c4 a6 32. Kf1 Bd6 33. Rd2 Be7 34. Red1 Rxd2 35. Rxd2 Bd6 36. Rd3 Ke7 37. Ke2 f5 38. Ra3 Kd8 {Black resigns} 1-0

[Event "Team 45 45 League 2006 Invitational"]
[Site "Internet Chess Club"]
[Date "2006.11.20"]
[Round "3"]
[White "Zyme"]
[Black "Aquaman"]
[Result "1-0"]
[WhiteElo "1489"]
[BlackElo "1488"]
[TimeControl "2700+45"]

1. d4 Nf6 2. c4 d6 3. Nc3 c6 4. e4 Qc7 5. Nf3 Nbd7 6. Be2 e5 7. d5 Be7 8. O-O O-O 9. Qc2 a6 10. a4 c5 11. Bd2 Re8 12. Rfc1 Nf8 13. a5 Bg4 14. Na4 N8d7 15. b4 cxb4 16. Bxb4 Rac8 17. Qd3 Nc5 18. Nxc5 dxc5 19. Bd2 Bh5 20. Bc3 Bd6 21. Rab1 h6 22. Rb6 Bg6 23. Nd2 Nd7 24. Rb3 Rf8 25. Rcb1 Rb8 26. R1b2 f5 27. f3 fxe4 28. fxe4 Rf7 29. Qb1 Nf6 30. Bf3 Bh5 31. Bxh5 Nxh5 32. Nf3 Nf4 33. Nh4 Rd7 34. Nf5 Bf8 35. Rf2 Qd8 36. Bd2 Ng6 37. Rb6 Ne7 38. Qf1 Nxf5 39. Rxf5 Bd6 40. Qf2 Qe8 41. Qg3 Kh8 42. Rb3 Rf7 43. Rbf3 Rxf5 44. Rxf5 Bf8 45. Rxe5 Qa4 46. Qe1 Qxc4 47. Qf2 Bd6 48. Re6 Bf8 49. Re5 Rd8 50. Rf5 Bd6 51. e5 Qxd5 52. exd6 Qxd6 53. Bc3 c4 54. Rf7 Qd1+ 55. Qf1 Qd3 56. Bxg7+ Kg8 57. Bxh6 Qxf1+ 58. Rxf1 Kh7 59. Bc1 c3 60. Kf2 Kg6 61. Ke2 Re8+ 62. Kd3 Rc8 63. Rf2 Rc5 64. Rc2 Rxa5 65. Rxc3 Rd5+ 66. Ke4 Rd7 67. g4 Re7+ 68. Kf3 Rf7+ 69. Kg3 Rf1 70. Kg2 Re1 71. h4 Re2+ 72. Kg3 Re1 73. Kg2 Re2+ 74. Kf3 Re7 75. h5+ Kh7 76. Bf4 Rf7 77. Rc7 Rxc7 78. Bxc7 b5 79. Ba5 Kg7 80. Ke4 Kh6 81. Kd5 Kh7 82. Kc6 Kh6 83. Kb7 Kg5 84. Kxa6 Kxg4 85. h6 {Black resigns} 1-0

[Event "Team 45 45 League 2006 Invitational"]
[Site "Internet Chess Club"]
[Date "2006.11.21"]
[Round "3"]
[White "clarinetref"]
[Black "AlPearson"]
[Result "1-0"]
[WhiteElo "1538"]
[BlackElo "1460"]
[TimeControl "2700+45"]

1. Nf3 d5 2. c4 dxc4 3. e4 Be6 4. Na3 g6 5. Nxc4 c5 6. Rb1 Bg7 7. b4 b5 8. Ne3 Bxa2 9. Bxb5+ Nd7 10. Bb2 f6 11. Ra1 Bf7 12. bxc5 Kf8 13. d4 a5 14. Qa4 Be8 15. Qc2 Nh6 16. Bc3 Nb8 17. Bc4 a4 18. d5 Na6 19. c6 Nb8 20. Nd4 Bf7 21. Rxa4 Nxc6 22. Nxc6 Qc8 23. Bb4 Rxa4 24. Qxa4 Ng4 25. Nxe7 Qc7 26. Nxg6+ Kg8 27. Qa8+ Bf8 28. Qxf8# {Black checkmated} 1-0

[Event "Team 45 45 League 2006 Invitational"]
[Site "Internet Chess Club"]
[Date "2006.11.21"]
[Round "3"]
[White "Fogbound"]
[Black "JimGaming"]
[Result "1-0"]
[WhiteElo "1387"]
[BlackElo "1335"]
[TimeControl "2700+45"]

1. d4 Nf6 2. Bg5 Ne4 3. Bf4 d5 4. e3 e6 5. Nf3 f6 6. Bd3 Bd6 7. O-O O-O 8. Nbd2 f5 9. Ne5 Nd7 10. Ndf3 Ndf6 11. Ng5 Qe7 12. f3 Nxg5 13. Bxg5 Qe8 14. c4 Qh5 15. Bf4 g5 16. Bg3 Nd7 17. Rc1 Nxe5 18. dxe5 Be7 19. cxd5 f4 20. exf4 gxf4 21. Bf2 Qxe5 22. Be4 Bd6 23. Bd4 Qg5 24. Bc5 Qe7 25. b4 b6 26. Bxd6 Qxd6 27. Rc6 Qe7 28. Re1 e5 29. d6 Qg5 30. Rxc7 Bh3 31. Bxh7+ Kh8 32. Re2 Rg8 33. Bxg8 Rxg8 34. Qd3 Bf5 35. Qd5 Qg6 36. Qxe5+ Rg7 37. Rxg7 Qxg7 38. Qxf5 Qa1+ 39. Kf2 Qd4+ 40. Kf1 Qc4 41. Qf8+ Kh7 42. Qe7+ Kg8 43. Qe6+ Qxe6 44. Rxe6 Kf8 45. d7 Kf7 46. Re4 {Black resigns} 1-0

[Event "Team 45 45 League 2006 Invitational"]
[Site "Internet Chess Club"]
[Date "2006.11.22"]
[Round "2"]
[White "kamu"]
[Black "RD1974"]
[Result "1-0"]
[WhiteElo "1694"]
[BlackElo "1645"]
[TimeControl "2700+45"]

1. d4 Nf6 2. c4 e6 3. Nf3 b6 4. g3 Bb7 5. Bg2 c5 6. d5 exd5 7. Nh4 Ne4 8. cxd5 Nf6 9. O-O d6 10. Nc3 h6 11. e4 g5 12. Nf5 Bc8 13. Qa4+ Bd7 14. Nb5 Bxf5 15. Nxd6+ Ke7 16. Nxf5# {Black checkmated} 1-0

[Event "Team 45 45 League 2006 Invitational"]
[Site "Internet Chess Club"]
[Date "2006.11.25"]
[Round "3"]
[White "camembert"]
[Black "A-Ru"]
[Result "1-0"]
[WhiteElo "1929"]
[BlackElo "1889"]
[TimeControl "2700+45"]

1. d4 e6 2. c4 d5 3. Nc3 c6 4. e3 Bd6 5. Qc2 f5 6. Bd3 Nh6 7. Nge2 Qh4 8. g3 Qh3 9. Bd2 dxc4 10. Bxc4 Ng4 11. f3 Qg2 12. O-O-O Nf2 13. Rhg1 Qxh2 14. Rdf1 Nh3 15. Rh1 Qg2 16. e4 Rf8 17. Nd1 f4 18. e5 fxg3 19. Ne3 Qxh1 20. Rxh1 Nf2 {Black resigns} 1-0

[Event "Team 45 45 League 2006 Invitational"]
[Site "Internet Chess Club"]
[Date "2006.11.25"]
[Round "3"]
[White "jacknor"]
[Black "FiendAngelical"]
[Result "1/2-1/2"]
[WhiteElo "1578"]
[BlackElo "1608"]
[TimeControl "2700+45"]

1. c4 e5 2. g3 d6 3. Bg2 Nc6 4. Nc3 Be6 5. d3 Qd7 6. Qa4 f5 7. f4 Nf6 8. Nf3 e4 9. Ng5 Nd4 10. Qxd7+ Bxd7 11. O-O h6 12. Nh3 Rb8 13. dxe4 fxe4 14. Nf2 Nc2 15. Rb1 e3 16. Nfd1 Ng4 17. h3 Nf6 18. Nxe3 Nxe3 19. Bxe3 b6 20. Kh2 c6 21. Rbd1 Be7 22. Ne4 Nxe4 23. Bxe4 O-O 24. b3 Rfe8 25. Bf2 Bf8 26. Bf3 c5 27. Bd5+ Be6 28. Bxe6+ Rxe6 29. Rfe1 Rbe8 {Game drawn by mutual agreement} 1/2-1/2